 Dungeon Sprint DCSS version 0.29.1-15-g9cfb28693d (webtiles) character file.

Game seed: 12256581561316759169

7000000 Groucho the Intangible (level 25, -12/214 HPs)
             Began as a Djinni Warper on Apr 7, 2023.
             Was the Champion of Makhleb.
             Killed from afar by a dread (34 damage)
             ... with damnation
             ... in the Dungeon (Sprint VIII: "Arena of Blood").
             The game lasted 00:04:28 (70 turns).

Groucho the Intangible (Djinni Warper)                Turns: 70, Time: 00:04:29

Health: -12/214    AC:  6    Str: 10    XL:     25   Next: 94%
Gold:   0          EV: 33    Int: 18    God:    Makhleb [******] SH:  0 Dex: 22

rFire   + + .      SeeInvis .   i - +∞ Axe of Woe
rCold   x . .      Faith    .   (shield currently unavailable)
rNeg    . . .      Spirit   .   b - +0 leather armour
rPois   ∞          Reflect  .   (no helmet)
rElec   .          Harm     .   (no cloak)
rCorr   .          Rampage  .   (no gloves)
Will    ++...      NoTele   +   (boots unavailable)
Stlth   +++++++++.              (no amulet)
HPRegen 0.45/turn               j - +30 ring of slaying
MPRegen 0.00/turn               (no ring)

@: flying
A: sickness immunity, fire resistance 2, cold vulnerability 1, float, innate
caster, HP casting, extra vitality 1
a: Renounce Religion, Minor Destruction, Lesser Servant of Makhleb, Major
Destruction, Greater Servant of Makhleb


You were in the Dungeon.
You worshipped Makhleb.
Makhleb was exalted by your worship.
You visited 1 branch

Inventory:

Hand Weapons
 a - a +0 hand axe
 i - the +∞ Axe of Woe (weapon)
   (You found it in the Dungeon)
Missiles
 d - 7 boomerangs of dispersal (quivered)
Armour
 b - a +0 leather armour (worn)
Jewellery
 j - a +30 ring of slaying (left hand)
Scrolls
 c - 2 scrolls of blinking
Potions
 e - a potion of curing
 g - a potion of haste
 h - a potion of berserk rage


   Skills:
 O Level 27 Fighting
 O Level 27 Axes
 O Level 27 Maces & Flails
 O Level 27 Polearms
 + Level 23.9(27) Staves
 O Level 27 Throwing
 O Level 27 Armour
 O Level 27 Dodging
 + Level 23.9 Stealth
 O Level 27 Unarmed Combat
 O Level 27 Spellcasting
 O Level 27 Invocations


You had one spell level left.
You knew the following spells:

 Your Spells              Type           Power      Damage    Failure   Level
a - Blink                 Tloc           100%       N/A       0%          2
b - Lesser Beckoning      Tloc           88%        N/A       0%          3
c - Gell's Gravitas       Tloc           88%        N/A       0%          3
d - Teleport Other        Tloc           88%        N/A       0%          3
e - Manifold Assault      Tloc           88%        N/A       0%          5
f - Slow                  Hex            100%       N/A       0%          1
g - Poisonous Vapours     Pois/Air       100%       N/A       0%          2
h - Call Canine Familiar  Summ           88%        N/A       0%          3
i - Conjure Flame         Conj/Fire      88%        6-21      0%          3
j - Summon Forest         Summ/Tloc      44%        N/A       0%          5
k - Fireball              Conj/Fire      44%        3d18      0%          5
l - Summon Cactus Giant   Summ           44%        N/A       0%          6
m - Storm Form            Tmut/Air       44%        N/A       1%          7
n - Statue Form           Tmut/Erth      58%        N/A       0%          6
o - Haunt                 Necr/Summ      44%        N/A       1%          7
p - Malign Gateway        Summ/Tloc      44%        N/A       1%          7
q - Polar Vortex          Ice            44%        N/A       2%          9
Your spell library was empty.

Dungeon Overview and Level Annotations

Branches:
Dungeon (1/1)

Altars:
Makhleb


Innate Abilities, Weirdness & Mutations

You are immune to sickness and miasma.
You are immune to poison.
Your flesh is very heat resistant. (rF++)
You are vulnerable to cold. (rC-)
You float through the air rather than walking.
You learn spells naturally, not from books.
Your magical power is your life essence.
You have superior vitality. (+4 MHP)


Message History

You kill the meat berserker!
Makhleb accepts your kill.
You feel better.
You hear a shout! x3
The accursed casts a spell at you. Something smites you!
* * * LOW HITPOINT WARNING * * *
The dread is engulfed in blazing flames.
The dread calls on the powers of darkness!
The bag of meat convulses! x2; The eight-headed meat hydra convulses!
The meat berserker convulses!
Your body is wracked with pain!
* * * LOW HITPOINT WARNING * * *
You hear a shout! x2
A bag of meat comes into view. It is wielding a +9 war axe.
You hear a shout!
The destroyer casts a spell at you.
The destroyer blinks!
You hear a shout! x6
Unknown command.
You slice the meat berserker!!
You chop the meat berserker into pieces.
You kill the meat berserker!
Makhleb accepts your kill.
You feel better.
You hear a shout! x3
A dread comes into view.
The dread throws damnation at you.
The sphere of damnation explodes!
The damnation engulfs you!!
* * * LOW HITPOINT WARNING * * *
You hear a shout! x2
The tyrant casts a spell.
The tyrant seems to speed up.
You hear a shout!
The accursed gestures at you while chanting.
Something smites you!
* * * LOW HITPOINT WARNING * * *
The dread is engulfed in blazing flames.
The dread throws damnation at you.
The sphere of damnation explodes!
The damnation engulfs you!!
You die...

.. .. .. .. #.
.# #.. ..#
.###.. )☼###W
....Do###WV....
...M..)_)o.o...
....#.))).#....
. #_)@)_# .
#.))).#
W...._..O..
......###§.....
.###.. ..###o
#.. ..# #.. ..#
.L ..


You could see an accursed, a tyrant (fast), an eight-headed meat hydra, a
destroyer, 3 dreads, a meat berserker (berserk) and 4 bags of meat.

Vanquished Creatures
  A wraith (D)
  5 vampire knights (D)
  25 ogres (D)
  2 two-headed ogres (D)
  A lich (D)
  33 orcs (D)
  3 skeletal warriors (D)
70 creatures vanquished.

Vanquished Creatures (others)
  4 ogres (D)
  4 two-headed ogres (D)
  8 orcs (D)
16 creatures vanquished.

Grand Total: 86 creatures vanquished

Notes
Turn   | Place    | Note
-------+----------+-------------------------------------------
     0 | D        | Found the +∞ Axe of Woe
     0 | D        | Groucho the Djinni Warper began the quest for the Orb.
     0 | D        | Groucho set off with the following spells memorised: Blink,
                  | Lesser Beckoning, Gell's Gravitas, Teleport Other, Manifold
                  | Assault.
     0 | D        | Reached XP level 1. HP: 18/18 MP: 0/0
     2 | D        | Noticed a bag of meat
     4 | D        | Became a worshipper of Makhleb the Destroyer
     5 | D        | Noticed a bag of meat
     6 | D        | Noticed a bag of meat
     6 | D        | Noticed a bag of meat
     6 | D        | Noticed a meat berserker
     6 | D        | Noticed a bag of meat
     8 | D        | Noticed a meat berserker
     8 | D        | Noticed a bag of meat
    10 | D        | Killed a bag of meat
    10 | D        | Noticed a meat berserker
    10 | D        | Noticed a bag of meat
    10 | D        | Noticed a bag of meat
    11 | D        | Reached skill level 10 in Fighting
    11 | D        | Reached skill level 10 in Armour
    11 | D        | Reached skill level 15 in Dodging
    11 | D        | Reached XP level 2. HP: 36/36 MP: 0/0
    11 | D        | Reached XP level 3. HP: 41/41 MP: 0/0
    11 | D        | Learned a level 1 spell: Slow
    11 | D        | Reached XP level 4. HP: 47/47 MP: 0/0
    11 | D        | Reached XP level 5. HP: 52/52 MP: 0/0
    11 | D        | Learned a level 2 spell: Poisonous Vapours
    11 | D        | Reached XP level 6. HP: 58/58 MP: 0/0
    11 | D        | Reached XP level 7. HP: 64/64 MP: 0/0
    11 | D        | Learned a level 3 spell: Call Canine Familiar
    11 | D        | Reached XP level 8. HP: 69/69 MP: 0/0
    11 | D        | Reached XP level 9. HP: 75/75 MP: 0/0
    11 | D        | Learned a level 3 spell: Conjure Flame
    11 | D        | Reached XP level 10. HP: 81/81 MP: 0/0
    11 | D        | Reached XP level 11. HP: 86/86 MP: 0/0
    11 | D        | Learned a level 5 spell: Summon Forest
    11 | D        | Killed a bag of meat
    11 | D        | Reached * piety under Makhleb
    12 | D        | Reached XP level 12. HP: 37/95 MP: 0/0
    12 | D        | Killed a meat berserker
    13 | D        | Reached skill level 15 in Axes
    13 | D        | Reached skill level 10 in Spellcasting
    13 | D        | Reached XP level 13. HP: 41/104 MP: 0/0
    13 | D        | Learned a level 5 spell: Fireball
    13 | D        | Noticed a bag of meat
    13 | D        | Noticed a meat berserker
    13 | D        | Noticed a bag of meat
    14 | D        | Noticed a meat berserker
    15 | D        | Killed a meat berserker
    15 | D        | Noticed a bag of meat
    16 | D        | Reached skill level 15 in Fighting
    16 | D        | Reached XP level 14. HP: 87/114 MP: 0/0
    16 | D        | Killed a meat berserker
    16 | D        | Reached ** piety under Makhleb
    16 | D        | Killed a meat berserker
    17 | D        | Reached XP level 15. HP: 95/124 MP: 0/0
    17 | D        | Learned a level 6 spell: Summon Cactus Giant
    18 | D        | Killed a meat berserker
    18 | D        | Reached *** piety under Makhleb
    19 | D        | Reached skill level 27 in Dodging
    19 | D        | Reached XP level 16. HP: 134/134 MP: 0/0
    19 | D        | Noticed a destroyer
    19 | D        | Reached **** piety under Makhleb
    20 | D        | Reached skill level 15 in Spellcasting
    20 | D        | Reached XP level 17. HP: 142/142 MP: 0/0
    20 | D        | Learned a level 7 spell: Storm Form
    20 | D        | Noticed a meat berserker
    20 | D        | Noticed a meat berserker
    21 | D        | Killed a destroyer
    21 | D        | Reached ***** piety under Makhleb
    21 | D        | Noticed a meat berserker
    24 | D        | Reached XP level 18. HP: 157/157 MP: 0/0
    26 | D        | Killed a meat berserker
    27 | D        | Reached skill level 27 in Axes
    27 | D        | Killed a meat berserker
    27 | D        | Noticed a meat berserker
    28 | D        | Reached XP level 19. HP: 169/169 MP: 0/0
    28 | D        | Learned a level 6 spell: Statue Form
    28 | D        | Noticed a meat berserker
    30 | D        | Killed a meat berserker
    30 | D        | Reached ****** piety under Makhleb
    30 | D        | Noticed a meat berserker
    30 | D        | Noticed a large bag of meat
    31 | D        | Reached skill level 27 in Fighting
    31 | D        | Killed a meat berserker
    32 | D        | Reached skill level 27 in Armour
    32 | D        | Noticed a meat berserker
    32 | D        | Noticed a meat berserker
    32 | D        | Noticed a large bag of meat
    33 | D        | Killed a meat berserker
    34 | D        | Reached XP level 20. HP: 181/181 MP: 0/0
    34 | D        | Killed a meat berserker
    35 | D        | Reached skill level 27 in Spellcasting
    35 | D        | Noticed a destroyer
    36 | D        | Killed a meat berserker
    36 | D        | Noticed a destroyer
    37 | D        | Reached XP level 21. HP: 187/187 MP: 0/0
    37 | D        | Learned a level 7 spell: Haunt
    38 | D        | Killed a meat berserker
    39 | D        | Reached skill level 27 in Invocations
    39 | D        | Reached skill level 5 in Maces & Flails
    39 | D        | Reached skill level 5 in Polearms
    39 | D        | Reached skill level 5 in Throwing
    39 | D        | Killed a large bag of meat
    40 | D        | Reached skill level 10 in Throwing
    40 | D        | Noticed a destroyer
    41 | D        | Noticed a meat berserker
    41 | D        | Noticed a meat berserker
    42 | D        | Killed a destroyer
    43 | D        | Reached XP level 22. HP: 189/194 MP: 0/0
    43 | D        | Killed a destroyer
    44 | D        | Killed a large bag of meat
    44 | D        | Noticed a meat berserker
    45 | D        | Killed a destroyer
    46 | D        | Noticed a meat berserker
    47 | D        | Killed a meat berserker
    47 | D        | Killed a meat berserker
    48 | D        | Reached XP level 23. HP: 195/201 MP: 0/0
    48 | D        | Learned a level 7 spell: Malign Gateway
    48 | D        | Noticed a destroyer
    51 | D        | Noticed a tyrant
    52 | D        | Noticed a large bag of meat
    53 | D        | Reached skill level 27 in Unarmed Combat
    53 | D        | Reached XP level 24. HP: 145/208 MP: 0/0
    56 | D        | Killed a destroyer
    57 | D        | Reached skill level 27 in Maces & Flails
    57 | D        | Reached skill level 27 in Polearms
    57 | D        | Reached skill level 27 in Throwing
    57 | D        | Reached XP level 25. HP: 212/214 MP: 0/0
    57 | D        | Learned a level 9 spell: Polar Vortex
    59 | D        | Killed a large bag of meat
    60 | D        | Noticed an accursed
    61 | D        | Noticed a dread
    61 | D        | Killed a tyrant
    61 | D        | Killed a large bag of meat
    61 | D        | Killed a large bag of meat
    62 | D        | HP: 10/214 [??? (8)]
    62 | D        | Noticed a dread
    64 | D        | Noticed a dread
    64 | D        | Killed a dread
    66 | D        | Noticed a destroyer
    67 | D        | Killed a large bag of meat
    68 | D        | Noticed a tyrant
    70 | D        | Noticed a dread
    70 | D        | Killed from afar by a dread

Illustrated notes

Levels and vault maps discovered:
D:        meatsprint

Skill      XL: |  1  2  3  4  5  6  7  8  9 10 11 12 13 14 15 16 17 18 19 20 21 22 23 24 25 |
---------------+----------------------------------------------------------------------------+-----
Fighting       | 10 11 13 15 17 18 19 22 25 27 | 27.0
Axes           | 12 13 15 17 19 21 22 26 27 | 27.0
Armour         | 10 11 13 14 16 18 19 22 25 27 | 27.0
Dodging        | 15 17 20 22 24 27 | 27.0
Spellcasting   | 8 9 10 11 13 14 15 18 20 26 27 | 27.0
Invocations    | 13 26 27 | 27.0
Maces & Flails | 13 21 23 27 | 27.0
Polearms       | 13 21 23 27 | 27.0
Throwing       | 13 21 23 27 | 27.0
Unarmed Combat | 16 24 27 | 27.0
Staves         | 9 23 | 23.9
Stealth        | 9 23 | 23.9

Action                   |  1- 3 |  4- 6 |  7- 9 | 10-12 | 13-15 | 16-18 | 19-21 | 22-24 | 25-27 || total
-------------------------+-------+-------+-------+-------+-------+-------+-------+-------+-------++-------
Melee: Executioner's axe |     1 |       |       |     2 |     4 |     5 |    10 |    11 |     9 ||    42
  Use: Potion            |       |       |       |       |       |       |       |       |     1 ||     1
Dodge: Dodged            |       |       |       |       |     1 |       |       |       |       ||     1
